 Dungeon Crawl Stone Soup version 0.27-a0-59-gfbafd837a3 (webtiles) character file.

Game seed: 9330740607764314312

184 Borgoz the Sneak (level 5, -1/34 HPs)
             Began as an Octopode Hedge Wizard on Jan 8, 2021.
             Slain by Duvessa
             ... wielding a +0 rapier
              (13 damage)
             ... on level 4 of the Dungeon.
             The game lasted 00:03:27 (3399 turns).

Borgoz the Sneak (Octopode Hedge Wizard)            Turns: 3399, Time: 00:03:27

Health: -1/34      AC:  5    Str: 10    XL:     5   Next: 64%
Magic:  9/9        EV: 13    Int: 16    God:
Gold:   254        SH:  8    Dex: 12    Spells: 9/10 levels left

rFire    . . .     SeeInvis .   i - +1 dagger (holy)
rCold    . . .     Faith    .   h - +0 buckler
rNeg     . . .     Spirit   .   b - +0 hat
rPois    .         Reflect  +   f - amulet of reflection
rElec    .         Harm     .   g - +4 ring of protection
rCorr    .         Rampage  .   (no ring)
Will     .....                  (no ring)
Stlth    +++.......             (no ring)
HPRegen  0.11/turn              (no ring)
MPRegen  0.11/turn              (no ring)
                                (no ring)
                                (no ring)

@: no status effects
A: almost no armour, stealthy swim, amphibious, 8 rings, constrict 8, camouflage
1, gelatinous body 1
a: no special abilities


You were on level 4 of the Dungeon.
You visited 1 branch of the dungeon, and saw 4 of its levels.

You collected 254 gold pieces.

Inventory:

Hand Weapons
 i - a +1 dagger of holy wrath (weapon)
Armour
 b - a +0 hat (worn)
 h - a +0 buckler (worn)
Jewellery
 f - an amulet of reflection (around mantle)
 g - a +4 ring of protection (left tentacle)
Scrolls
 c - a scroll of random uselessness {unknown}
 d - a scroll of amnesia {unknown}
 e - 2 scrolls of fog
 j - a scroll of immolation {unknown}
 k - a scroll of enchant armour {unknown}
 m - a scroll of fear {unknown}
 n - 2 scrolls of identify {unknown}
Potions
 a - a potion of curing


   Skills:
 * Level 1.8 Fighting
 * Level 2.0 Short Blades
 * Level 2.7 Dodging
 + Level 3.8 Stealth
 + Level 0.8 Shields
 + Level 3.2 Spellcasting
 + Level 1.5 Conjurations
 + Level 1.8 Summonings
 + Level 1.7 Translocations


You had 9 spell levels left.
You knew the following spells:

 Your Spells              Type           Power        Failure   Level
a - Magic Dart            Conj           28%          16%         1

Your spell library contained the following spells:

 Spells                   Type           Power        Failure   Level
 Blink                    Tloc           N/A          21%         2
 Call Imp                 Summ           8%           21%         2
 Slow                     Hex            2%           38%         2
 Conjure Flame            Conj/Fire      5%           52%         3
 Mephitic Cloud           Conj/Pois/Air  4%           56%         3


Dungeon Overview and Level Annotations

Branches:
Dungeon (4/15)
 Temple: D:4-7

Altars:
Okawaru
Sif Muna

Annotations:
D:4 Duvessa


Innate Abilities, Weirdness & Mutations

You cannot wear most types of armour.
You are very stealthy in the water. (Stealth+)
You are amphibious.
You can wear up to eight rings at the same time.
You can use your tentacles to constrict eight enemies at once.
Your skin changes colour to match your surroundings (Stealth+).
Your rubbery body absorbs attacks. (AC +1, EV +1)


Message History

You hit Duvessa but do no damage. Your grab misses Duvessa.
You squeeze Duvessa.
Duvessa is lightly wounded.
Duvessa hits you with a +0 rapier!
* * * LOW HITPOINT WARNING * * *
It was a potion of curing.
You feel better. Duvessa closely misses you. You block Duvessa's attack.
Things that are here:
a +0 dagger; a +0 robe You hit Duvessa.
You grab Duvessa.
Duvessa is lightly wounded.
You constrict Duvessa, but do no damage.
Duvessa hits you with a +0 rapier.
You hit Duvessa but do no damage.
Duvessa is lightly wounded.
You constrict Duvessa. Duvessa hits you but does no damage.
You hit Duvessa but do no damage. You squeeze Duvessa.
Duvessa is lightly wounded.
You constrict Duvessa. Duvessa hits you with a +0 rapier!
You die...

#........#
#........#
#........#
#........#
########........#
................#
########.###.#####
##...####.# #.#
#....e@...# #.#
#....###### #.##
#.... #.#. #.###
#.#.####### #
#.#.#......
#.#.#.#####
#######.#.<......
........#####.###
.................


You could see Duvessa (berserk).

Vanquished Creatures
  Dowan (D:4)
  An orc wizard (D:3)
  Jessica (D:2)
  A howler monkey skeleton (D:2)
  A worm (D:3)
  A dart slug (D:2)
  2 leopard geckos (D:2)
  5 orcs (D:3)
  4 giant cockroaches
  6 goblins
  6 hobgoblins
  6 jackals (D:2)
  5 kobolds (D:2)
  3 quokkas (D:3)
  7 bats
  4 frilled lizards
  7 rats
61 creatures vanquished.

Notes
Turn   | Place    | Note
-------+----------+-------------------------------------------
     0 | D:1      | Borgoz the Octopode Hedge Wizard began the quest for the
                  | Orb.
     0 | D:1      | Reached XP level 1. HP: 11/11 MP: 4/4
   297 | D:1      | Reached XP level 2. HP: 9/18 MP: 6/6
  1248 | D:2      | Reached skill level 1 in Short Blades
  1373 | D:2      | Reached XP level 3. HP: 22/22 MP: 7/7
  1383 | D:2      | Found an iron altar of Okawaru.
  2087 | D:2      | Noticed Jessica
  2096 | D:2      | Killed Jessica
  2097 | D:2      | Reached skill level 1 in Fighting
  2097 | D:2      | Reached XP level 4. HP: 8/28 MP: 8/8
  2525 | D:3      | Reached XP level 5. HP: 10/33 MP: 9/9
  2533 | D:3      | HP: 1/33 [worm (9)]
  3309 | D:3      | Found a shimmering blue altar of Sif Muna.
  3385 | D:4      | Noticed Duvessa
  3385 | D:4      | Noticed Dowan
  3393 | D:4      | Killed Dowan
  3399 | D:4      | Slain by Duvessa

Illustrated notes

Levels and vault maps discovered:
D:1:      minmay_arrival_split_and_join, layout_basic
D:2:      layout_basic, okawaru_metal_pillars_3, uniq_jessica
D:3:      layout_basic, lemuel_blue_sif_altar, skrybe_limestone_x
D:4:      layout_basic, pdpol_wu_jian_five_deadly_venoms,
          minmay_temple_entry_ruins, uniq_grinder, uniq_blork_the_orc,
          uniq_duvessa

Skill      XL: |  1  2  3  4  5 |
---------------+----------------+-----
Stealth        | 3 |  3.8
Short Blades   | 1 2 |  2.0
Fighting       | 1 |  1.8
Dodging        | |  2.7
Shields        | |  0.8
Spellcasting   | |  3.2
Conjurations   | |  1.5
Summonings     | |  1.8
Translocations | |  1.7

Action                   |  1- 3 |  4- 6 || total
-------------------------+-------+-------++-------
Melee: Dagger            |    93 |    66 ||   159
       Constrict         |    20 |    17 ||    37
       Tentacles         |    16 |    13 ||    29
  Use: Scroll            |       |     1 ||     1
       Potion            |       |     3 ||     3
 Stab: Sleeping          |    12 |     4 ||    16
Armor: Skin              |       |     7 ||     7
Dodge: Dodged            |    39 |    26 ||    65
Block: Buckler           |    26 |    22 ||    48
       Other             |     1 |       ||     1
       Reflection        |     1 |       ||     1

Table legend: (Time is in decaauts)
 A = Elapsed time spent in this place.
 B = Non-inter-level travel time spent in this place.
 C = Inter-level travel time spent in this place.
 D = Time resting spent in this place.
 E = Time spent auto-exploring this place.
 F = Levels seen in this place.
 G = Mean time per level.
                   A        B        C        D        E       F      G
               +--------+--------+--------+--------+--------+-----+--------+
         Total |   3396 |   3276 |    120 |    805 |   2062 |   4 |  849.0 |
       Dungeon |   3396 |   3276 |    120 |    805 |   2062 |   4 |  849.0 |
               +--------+--------+--------+--------+--------+-----+--------+

Top non-repeatable levels by time:
     D:2: 1567 daAuts
     D:1: 920 daAuts
     D:3: 856 daAuts
     D:4: 51 daAuts
